Map: Terraform LE (Void)

Players

SticklerMac

  • Race: Terran Terran
  • League: Bronze

ChipsandDip - Winner!

  • Race: Zerg Zerg
  • League: Bronze

VOD

Have the link to the VOD?

Description

Time

  • Played on: July 27, 2015, 11:23 p.m.
  • Length: 13:00
Show
View Real Time Build Order
Export as new Build Order

SticklerMac Terran 

Build Orders:  

Get SALT Encoding   

  12  0:00  SCV  
  13  0:13  SCV  
  14  0:18  Supply Depot  
  14  0:25  SCV  
  15  0:40  SCV  
  16  0:43  Barracks  
  16  0:46  Refinery  
  16  0:52  SCV  
  17  1:04  SCV  
  18  1:16  SCV  
  19  1:23  Barracks  
  19  1:36  SCV, Barracks  
  20  1:41  Marine  
  21  1:50  Factory  
  21  1:55  SCV  
  21  2:00  Marine  
  23  2:10  Refinery  
  23  2:12  Barracks Reactor  
  23  2:16  Barracks Tech Lab  
  23  2:18  Barracks  
  23  2:29  Supply Depot  
  23  2:38  Stimpack  
  23  2:50  SCV, Marine, Widow Mine  
  23  2:51  Supply Depot  
  27  2:52  Marine  
  27  2:56  Marine  
  29  3:02  SCV  
  30  3:13  Starport  
  30  3:18  Widow Mine  
  32  3:22  Barracks Reactor  
  32  3:25  Barracks Reactor  
  32  3:31  Marine  
  32  3:33  Barracks Reactor  
  33  3:41  Supply Depot  
  33  3:47  Widow Mine  
  34  3:55  Medivac  
  35  4:02  Orbital Command  
  37  4:05  Marine  
  37  4:08  Marine  
  39  4:11  Marine  
  40  4:32  Engineering Bay  
  40  4:35  Engineering Bay, Marine x2  
  42  4:42  Medivac  
  44  4:49  Marauder  
  46  4:55  Marine  
  47  5:16  Supply Depot  
  47  5:20  Supply Depot  
  47  5:37  Medivac, Marine x4  
  47  5:38  Marauder  
  47  5:41  Marine x2, Widow Mine  
  59  5:51  Liberator  
  59  5:56  Marine  
  60  5:57  Marine  
  60  5:59  Marauder  
  63  6:09  Widow Mine  
  43  6:30  SCV  
  44  6:38  Widow Mine  
  46  6:42  SCV  
  47  6:51  Medivac, Marauder  
  51  6:54  SCV  
  52  7:07  Widow Mine  
  17  9:46  Orbital Command  
  15  10:27  SCV  
  16  10:39  SCV  
  17  11:07  Barracks  
  10  12:17  Barracks Reactor  
  10  12:18  Factory  
Show
View Real Time Build Order
Export as new Build Order

ChipsandDip Zerg - Winner!

Build Orders: Hatch First, Ravager All-In 

Get SALT Encoding   

  12  0:01  Drone  
  13  0:13  Overlord  
  13  0:18  Drone  
  14  0:32  Drone x2  
  14  0:35  Drone  
  17  0:55  Hatchery  
  16  1:09  Spawning Pool  
  16  1:10  Extractor  
  14  1:13  Drone  
  14  1:17  Drone  
  16  1:21  Drone  
  17  1:26  Drone  
  18  1:35  Drone  
  19  1:46  Drone  
  20  1:56  Queen  
  20  1:57  Overlord  
  22  2:07  Queen  
  24  2:09  Drone  
  24  2:12  Overlord  
  25  2:16  Extractor  
  24  2:27  Roach Warren, Drone  
  24  2:30  Drone  
  24  2:34  Drone  
  26  2:43  Drone  
  27  2:44  Drone x2  
  27  2:50  Drone  
  30  2:53  Drone  
  31  3:01  Drone  
  31  3:03  Drone  
  33  3:08  Overlord  
  33  3:16  Baneling Nest  
  33  3:19  Roach x2  
  36  3:22  Roach  
  38  3:27  Overlord  
  38  3:31  Roach  
  40  3:35  Roach  
  40  3:38  Roach  
  44  3:42  Roach  
  44  3:45  Roach  
  48  3:49  Roach  
  50  3:57  Zergling x4  
  50  3:58  Zergling x4  
  54  4:09  Zergling x2  
  55  4:10  Zergling x6  
  55  4:15  Overlord  
  58  4:18  Zergling x2  
  58  4:20  Zergling x2  
  58  4:22  Overlord  
  60  4:30  Metabolic Boost  
  60  4:34  Lair  
  60  4:40  Ravager x3  
  60  4:41  Ravager  
  65  4:45  Ravager  
  65  5:10  Baneling x5  
  65  5:24  Overlord  
  65  5:27  Drone x3  
  65  5:28  Drone x3  
  71  5:29  Drone x5  
  76  5:40  Overseer  
  73  5:44  Baneling x5  
  73  5:45  Baneling  
  73  5:49  Zergling x4  
  75  5:50  Zergling x8  
  75  5:51  Zergling x2  
  75  5:52  Zergling x2  
  75  5:53  Extractor  
  75  5:56  Extractor  
  56  6:29  Baneling x2  
  56  6:30  Baneling x7  
  56  6:31  Zergling x2  
  56  6:32  Zergling x14  
  60  6:33  Zergling x6  
  63  6:54  Hatchery  
  63  6:58  Baneling x3  
  63  6:59  Baneling x4  
  57  7:29  Roach  
  58  7:30  Roach x5  
  58  7:31  Roach  
  58  7:32  Roach x4  
  78  7:37  Roach  
  78  7:38  Roach x2  
  82  7:48  Overseer  
  71  8:09  Roach x5  
  81  8:17  Drone x6  
  87  8:20  Drone  
  87  8:21  Drone  
  87  8:22  Overlord x3  
  89  8:27  Queen  
  88  8:45  Overseer  
  87  9:03  Spore Crawler, Spine Crawler  
  87  9:05  Spine Crawler  
  84  9:10  Overseer  
  84  9:32  Drone x5  
  84  9:34  Drone x6  
  95  9:55  Overseer  
  95  9:58  Roach x5  
  103  10:01  Roach  
  105  10:11  Spine Crawler  
  104  10:27  Queen  
  106  10:33  Spore Crawler x2  
  106  10:34  Drone  
  106  10:35  Drone  
  106  10:40  Extractor  
  106  10:42  Extractor  
  101  11:00  Spore Crawler  
  100  11:04  Spire  
  100  11:07  Hydralisk Den  
  98  11:59  Overlord x3  
  98  12:00  Overlord x3  
  98  12:21  Mutalisk x12  
  98  12:22  Mutalisk x2  
  126  12:23  Mutalisk x2  
  130  12:32  Mutalisk  
  130  12:33  Mutalisk x2  
Tags
 
Add a new tag
Caveats
  • Supply blocks, unpowered buildings, or Contaminate may cause inaccurate times.
  • Supply counts are checked every 10 seconds.